 Dungeon Crawl Stone Soup version 0.23.2-1-ga50397a6bc (webtiles) character file.

Game seed: 1936814597879602394

102 Gordogan the Chopper (level 4, -1/40 HPs)
             Began as a Hill Orc Fighter on May 15, 2019.
             Slain by an ogre
             ... wielding a +0 giant club
              (3 damage)
             ... on level 2 of the Dungeon on May 20, 2019.
             The game lasted 00:14:31 (1904 turns).

Gordogan the Chopper (Hill Orc Fighter)             Turns: 1904, Time: 00:14:32

Health: -1/40      AC: 12    Str: 19    XL:     4   Next: 78%
Magic:  0/4        EV:  7    Int:  8    God:
Gold:   72         SH:  9    Dex: 10    Spells: 3/3 levels left

rFire    . . .     SeeInvis .   k - +0 whip (curse)
rCold    . . .     Gourm    .   c - +0 shield
rNeg     . . .     Faith    .   b - +0 scale mail
rPois    .         Spirit   +   m - +1 helmet
rElec    .         Reflect  .   (no cloak)
rCorr    .         Harm     .   g - +2 pair of gloves
MR       .....                  (no boots)
Stlth    ..........             e - amulet of guardian spirit
HPRegen  0.13/turn              (no ring)
MPRegen  0.09/turn              (no ring)

@: no status effects
A: no striking features
a: no special abilities


You were on level 2 of the Dungeon.
You were not hungry.

You visited 1 branch of the dungeon, and saw 2 of its levels.

You collected 72 gold pieces.

Inventory:

Hand Weapons
 a - a +0 war axe
 k - a cursed +0 whip (weapon)
 o - a +1 dagger of venom
 q - a +0 hunting sling of flaming
Missiles
 h - 14 sling bullets
Armour
 b - a +0 scale mail (worn)
 c - a +0 shield (worn)
 g - a +2 pair of gloves (worn)
 m - a +1 helmet (worn)
Jewellery
 e - an amulet of guardian spirit (around neck)
Potions
 d - a potion of might
 l - a potion of heal wounds {unknown}
Comestibles
 f - 5 rations
 n - 20 chunks of flesh


   Skills:
 + Level 4.0 Fighting
 + Level 4.2 Axes
 + Level 4.1 Armour
 + Level 0.3 Dodging
 + Level 0.1 Stealth
 + Level 4.0 Shields


You had 3 spell levels left.
You didn't know any spells.
Your spell library was empty.

Dungeon Overview and Level Annotations

Branches:
Dungeon (2/15)

Altars:


Message History

You hit the ogre.
The ogre is heavily wounded.
You block the frilled lizard's attack. The goblin hits you but does no damage.
You block the ogre's attack.
You hit the ogre.
The ogre is severely wounded.
The frilled lizard barely misses you. The goblin hits you but does no damage.
The ogre hits you with a +0 giant club.
* * * LOW HITPOINT WARNING * * *
You hit the goblin.
You kill the goblin!
The frilled lizard bites you but does no damage.
You hit the ogre.
The ogre is almost dead.
The frilled lizard closely misses you. You block the ogre's attack.
The frilled lizard closely misses you.
You hit the ogre.
The ogre is almost dead.
The ogre hits you with a +0 giant club.
You die...

*,,,***,,,,,,,,,,,,,,,,,
*,,,* **#......,,,,,,,**
***** *.......,,,,,,,**
*......,,,,,,,,,,
#######.....,,,,,*,,,,,
#.........#**,,,,,,,,<,
#.........##..**,,,,,**
#.....)l.....#**,.#***#
#....O@.....###*,.# **#
#....)....#..#.,..# *..
#.........##...##.###.#
###.....####..#........
##>###.# #...........
#..# *.####...........
##.## *...#............
##..######...###...#####
#..........######)..###.


You could see an ogre and a frilled lizard.

Vanquished Creatures
  Robin (D:2)
  2 adders (D:2)
  2 oozes (D:1)
  A dart slug (D:1)
  4 leopard geckos (D:1)
  A ball python (D:1)
  15 goblins
  6 hobgoblins
  2 jackals (D:1)
  13 kobolds
  5 bats (D:1)
  4 frilled lizards (D:1)
  4 bushes (D:1)
  A plant (D:1)
61 creatures vanquished.

Vanquished Creatures (others)
  A plant (D:1)
1 creature vanquished.

Grand Total: 62 creatures vanquished

Notes
Turn   | Place    | Note
-------+----------+-------------------------------------------
     0 | D:1      | Gordogan the Hill Orc Fighter began the quest for the Orb.
     0 | D:1      | Reached XP level 1. HP: 19/19 MP: 1/1
   126 | D:1      | Reached XP level 2. HP: 26/27 MP: 2/2
   370 | D:1      | Reached XP level 3. HP: 33/33 MP: 3/3
  1717 | D:2      | Noticed Robin
  1723 | D:2      | Reached XP level 4. HP: 29/40 MP: 2/4
  1748 | D:2      | Killed Robin
  1885 | D:2      | Noticed an ogre
  1901 | D:2      | HP: 1/40 [ogre/+0 giant club (4)]
  1904 | D:2      | Slain by an ogre

Skill      XL: |  1  2  3  4 |
---------------+-------------+-----
Axes           | 3 4 |  4.2
Armour         | 4 |  4.1
Shields        | 4 |  4.0
Fighting       | 4 |  4.0
Dodging        | |  0.3
Stealth        | |  0.1

Action                   |  1- 3 |  4- 6 || total
-------------------------+-------+-------++-------
Melee: War axe           |   266 |    19 ||   285
       Whip              |       |    17 ||    17
  Use: Scroll            |       |     4 ||     4
  Eat: Ration            |     1 |       ||     1
       Chunk             |     1 |       ||     1
Armor: Scale mail        |    86 |    30 ||   116
Dodge: Dodged            |    48 |    27 ||    75
Block: Shield            |    88 |    29 ||   117
